 Dungeon Crawl Stone Soup version 0.31.0-32-g396128a36d (webtiles) character file.

Game seed: 10825520510625980696

9 spaghetti the Sneak (level 2, -9/28 HPs)
             Began as a Naga Delver on Mar 9, 2024.
             Mangled by a gnoll
             ... wielding a +0 flail
              (10 damage)
             ... on level 5 of the Dungeon.
             The game lasted 00:00:21 (45 turns).

spaghetti the Sneak (Naga Delver)                     Turns: 45, Time: 00:00:22

Health: -9/28      AC:  2    Str: 14    XL:     2   Next: 16%
Magic:  2/2        EV:  9    Int: 10    God:
Gold:   3          SH:  0    Dex: 12    Spells: 1/1 levels left

rFire   . . .        a - +0 short sword
rCold   . . .        (no shield)
rNeg    . . .        b - +0 leather armour
rPois   +            (no helmet)
rElec   .            (no cloak)
rCorr   .            (no gloves)
SInv    +            (no barding)
Will    .....        (no amulet)
Stlth   +++          (no ring)
HPRegen 0.24/turn    (no ring)
MPRegen 0.08/turn

%: no passive effects
@: very slow
A: AC +0, large, see invisible, deformed body, poison resistance, slowness 2,
spit poison 1, naga tail 1
a: Spit Poison


You were on level 5 of the Dungeon.
You visited 1 branch of the dungeon, and saw 1 of its levels.

You collected 3 gold pieces.

Inventory:

Hand Weapons
 a - a +0 short sword (weapon)
Armour
 b - a +0 leather armour (worn)
Wands
 g - a wand of digging (3)
Scrolls
 c - a scroll of fog
 e - a scroll of fear
Potions
 f - a potion of haste


   Skills:
 + Level 3.6 Fighting
 - Level 2.0 Short Blades
 - Level 1.5 Dodging
 - Level 7.2 Stealth


You had one spell level left.
You didn't know any spells.
Your spell library was empty.

Dungeon Overview and Level Annotations

Branches:
Dungeon (5/15)
 Temple: D:4-7

Altars:
Vehumet


Innate Abilities, Weirdness & Mutations

Your serpentine skin is tough. (AC +0)
You have supernaturally acute eyesight. (SInv)
Armour fits poorly on your strangely shaped body.
Your system is resistant to poisons. (rPois)
You cover ground very slowly.
You can spit poison.
You have a snake-like lower body.


Message History

You have got your breath back.
The gnoll hits you with a +0 flail.
Aiming: Spit Poison (2% risk of failure)
Press: ? - help, Shift-Dir - straight line, f - gnoll
Aim: a gnoll, wielding a +0 flail (moderately wounded, 65% to hit)
The splash of poison misses the gnoll.
The gnoll hits you with a +0 flail!
Unknown command.
You hit the gnoll but do no damage.
The gnoll is moderately wounded.
The gnoll closely misses you.
You hit the gnoll but do no damage.
The gnoll is moderately wounded.
You hit the gnoll.
The gnoll is heavily wounded.
The gnoll barely misses you.
You barely miss the gnoll.
The gnoll is heavily wounded.
The gnoll hits you with a +0 flail!
* * * LOW HITPOINT WARNING * * *
Okay, then.
Okay, then.
As you read the scroll of revelation, it crumbles to dust.
You feel aware of your surroundings.
You sensed 1 altar. 2 gnolls come into view.
The gnoll barely misses you.
A hound comes into view.
You closely miss the gnoll.
The gnoll is heavily wounded.
The gnoll hits you with a +0 flail.
* * * LOW HITPOINT WARNING * * *
You can't do that yet.
Unknown command.
Unknown command.
Unknown command.
Unknown command.
You hit the gnoll.
The gnoll is almost dead.
You have got your breath back.
The gnoll hits you with a +0 flail!
You die...

*,,,,*,,*,...*._.#....# *,,*
*,,,,*,,*..#.......#..## *,,*
*,,,,*,,*.....#.#.....## *,,*
*,,,,*,,,...#.....#...##******,,*
**,***,,,.....#.#.......,,,,,,,,>
*,******##...g.....####******,,,
*,,,,,,,h.........##### *,,,
*,******#########g##### *,,,
**,,,,,* #####..@g.##### *,,,
,,,,,,,**#####.....##### *,,,
*,**,,,,*#####.....#####******,,,
,,,*,,,,,...##.....#####*,,,,,,,,
,***,,,*,...###...######*,,,,,,,,
,,,*,,,**...###...######*,,,,,,,,
*,**,,,**#...##...#######*****,,,
,,,***** ###...........)# *,,,
**,* #.####.#####.## *,,,


You could see 2 gnolls.

Vanquished Creatures
  A gnoll (D:5)
1 creature vanquished.

Notes
Turn   | Place    | Note
-------+----------+-------------------------------------------
     0 | D:5      | spaghetti the Naga Delver began the quest for the Orb.
     0 | D:5      | Reached XP level 1. HP: 21/21 MP: 1/1
    28 | D:5      | Found a radiant altar of Vehumet.
    36 | D:5      | Reached XP level 2. HP: 28/28 MP: 2/2
    44 | D:5      | HP: 1/28 [gnoll/+0 flail (5)]
    45 | D:5      | Mangled by a gnoll

Illustrated notes

Levels and vault maps discovered:
D:5:      layout_basic, trog_antimagical, nicolae_vehumet_radiance,
          minmay_misc_feat_alley, uniq_prince_ribbit1, uniq_edmund

Action                     || total
---------------------------++-------
  Melee: Short sword       ||     7
Ability: Spit Poison       ||     3
    Use: Scroll            ||     1
 Armour: Leather armour    ||     5
  Dodge: Dodged            ||     4
